 Dungeon Crawl Stone Soup version 0.31-a0-1074-g0b22e4e0f1 (webtiles) character file.

Game seed: 17868451648627371981

86 Hubris850 the Ruffian (level 4, 0/35 HPs)
             Began as a Draconian Shapeshifter on Dec 4, 2023.
             Slain by a gnoll
             ... wielding a +0 flail
              (1 damage)
             ... on level 2 of the Dungeon.
             The game lasted 00:02:33 (1083 turns).

Hubris850 the Ruffian (Draconian Shapeshifter)      Turns: 1083, Time: 00:02:34

Health: 0/35       AC:  5    Str: 18    XL:     4   Next: 26%
Magic:  4/4        EV: 12    Int: 11    God:
Gold:   93         SH:  0    Dex: 10    Spells: 3/3 levels left

rFire   . .          .
                       - Unarmed
rCold   . . .        (no shield)
rNeg    . . .        (body armour unavailable)
rPois   .            (helmet currently unavailable)
rElec   .            (cloak currently unavailable)
rCorr   .            (gloves currently unavailable)
SInv    .            (boots currently unavailable)
Will    .....        e - amulet of magic regeneration
Stlth   +            h - ring of flight
HPRegen 0.25/turn    (no ring)
MPRegen 0.49/turn

%: no passive effects
@: beast-form, flying
A: beast (slay +2), AC +5, unfitting armour, cold-blooded
a: Begin Untransformation


You were on level 2 of the Dungeon.
You were a hulking beast.
You visited 1 branch of the dungeon, and saw 2 of its levels.

You collected 93 gold pieces.

Inventory:

Missiles
 g - 2 boomerangs (quivered)
Armour
 d - +0 pearl dragon scales
 j - a +0 plate armour
Jewellery
 e - an amulet of magic regeneration (around neck)
 h - a ring of flight (left hand)
Talismans
 b - a beast talisman
 c - a flux talisman
Scrolls
 f - 2 scrolls of enchant weapon {unknown}
 i - a scroll of identify {unknown}
Potions
 a - 2 potions of lignification
 k - a potion of might {unknown}


   Skills:
 - Level 1.1 Fighting
 - Level 1.7 Dodging
 + Level 4.2 Unarmed Combat
 + Level 4.0 Shapeshifting


You had 3 spell levels left.
You didn't know any spells.
Your spell library was empty.

Dungeon Overview and Level Annotations

Branches:
Dungeon (2/15)

Altars:

Shops:
D:2 [!


Innate Abilities, Weirdness & Mutations

You are a hulking beast.
Your limbs bulge with bestial killing power. (Slay +2)
Your plain brown scales are hard. (AC +5)
You cannot fit into any form of body armour.
You are cold-blooded and may be slowed by cold attacks.


Message History

The gnoll is severely wounded.
The gnoll closely misses you. The gnoll hits you with a +0 spear.
You punch the gnoll!
You kill the gnoll!
The gnoll barely misses you.
Your Unarmed Combat skill increases to level 4!
You hit the gnoll.
The gnoll is moderately wounded.
The gnoll hits you from afar with a +0 spear.
You closely miss the gnoll.
The gnoll is moderately wounded.
The giant cockroach waves its antennae.
The gnoll closely misses you.
You punch the gnoll!
You kill the gnoll!
The gnoll closely misses you.
You have reached level 4!
You feel clever. The gnoll hits you with a +0 spear.
You barely miss the gnoll. You tail-slap the gnoll.
The gnoll is moderately wounded.
The gnoll hits you but does no damage.
You punch the gnoll! You tail-slap the gnoll.
You kill the gnoll!
Your Shapeshifting skill increases to level 4!
You hit the giant cockroach.
The giant cockroach is severely wounded.
The giant cockroach closely misses you.
You hit the giant cockroach.
You kill the giant cockroach!
You barely miss the gnoll. The gnoll hits you with a +0 flail.
You barely miss the gnoll. The gnoll hits you with a +0 flail!
* * * LOW HITPOINT WARNING * * *
You barely miss the gnoll. The gnoll hits you with a +0 flail.
* * * LOW HITPOINT WARNING * * *
You closely miss the gnoll. The gnoll misses you.
You hit the gnoll.
The gnoll is heavily wounded.
The gnoll hits you with a +0 flail.
You die...

# #.
#.....#####
#.#. ##......#
#.#.###.....#.#
#........#..#.#
#..###.#..#.#
#.∩.........#
########.####
#.#######
#h!.....#
#g#####.# #)#
#.# ... ...
..... #....
#..###


You could see a gnoll.

Vanquished Creatures
  3 gnolls (D:2)
  2 adders (D:2)
  2 dart slugs (D:1)
  5 bats
  2 endoplasms (D:1)
  2 giant cockroaches
  4 hobgoblins
  2 kobolds (D:1)
  3 quokkas (D:1)
  5 ball pythons
  4 frilled lizards
  2 rats (D:1)
36 creatures vanquished.

Notes
Turn   | Place    | Note
-------+----------+-------------------------------------------
     0 | D:1      | Hubris850 the Draconian Shapeshifter began the quest for
                  | the Orb.
     0 | D:1      | Reached XP level 1. HP: 16/16 MP: 1/1
   103 | D:1      | Reached XP level 2. HP: 19/23 MP: 2/2
   437 | D:1      | Reached XP level 3. HP: 28/28 MP: 3/3
   949 | D:2      | Found Yduy's Antique Armour Emporium.
  1043 | D:2      | Found Worhuesch's Distillery.
  1072 | D:2      | Reached XP level 4. HP: 18/35 MP: 4/4
  1081 | D:2      | HP: 1/35 [gnoll/+0 flail (4)]
  1083 | D:2      | Slain by a gnoll

Illustrated notes

Levels and vault maps discovered:
D:1:      lordsloth_arrival_two_stooges, layout_loops_ring,
          nicolae_houndstooth_variations
D:2:      layout_loops_corners, serial_shops, nicolae_shop_tiny_statue_garden,
          shop, shop, nicolae_shop_peninsula, shop,
          ebering_ecumenical_altar_sacrificial,
          wander_ebering_terrifying_dragon_lair

Skill      XL: |  1  2  3  4 |
---------------+-------------+-----
Unarmed Combat | 4 |  4.2
Shapeshifting  | 4 |  4.0
Fighting       | |  1.1
Dodging        | |  1.7

Action                     |  1- 3 |  4- 6 || total
---------------------------+-------+-------++-------
  Melee: Unarmed           |    80 |     9 ||    89
         Tailslap          |     7 |     2 ||     9
  Throw: Boomerang         |     1 |       ||     1
   Stab: Sleeping          |     1 |       ||     1
 Armour: Skin              |    39 |     6 ||    45
  Dodge: Dodged            |    46 |     2 ||    48

Table legend: (Time is in decaauts)
 A = Elapsed time spent in this place.
 B = Non-inter-level travel time spent in this place.
 C = Inter-level travel time spent in this place.
 D = Time resting spent in this place.
 E = Time spent auto-exploring this place.
 F = Levels seen in this place.
 G = Mean time per level.
                   A        B        C        D        E       F      G
               +--------+--------+--------+--------+--------+-----+--------+
         Total |   1076 |   1063 |     13 |      0 |    856 |   2 |  538.0 |
       Dungeon |   1076 |   1063 |     13 |      0 |    856 |   2 |  538.0 |
               +--------+--------+--------+--------+--------+-----+--------+

Top non-repeatable levels by time:
     D:1: 764 daAuts
     D:2: 312 daAuts
